 Dungeon Crawl Stone Soup version 0.25-a0-503-ge281fa673e (webtiles) character file.

Game seed: 11538717326393818430, levelgen mode: deterministic

112 Kohma the Chiller (level 4, -4/33 HPs)
             Began as a Draconian Ice Elementalist on Feb 13, 2020.
             Slain by an ogre
             ... wielding a +0 giant spiked club
              (25 damage)
             ... on level 4 of the Dungeon.
             The game lasted 00:06:12 (3402 turns).

Kohma the Chiller (Draconian Ice Elementalist)      Turns: 3402, Time: 00:06:13

Health: -4/33      AC:  5    Str: 10    XL:     4   Next: 64%
Magic:  3/8        EV: 11    Int: 17    God:
Gold:   114        SH:  3    Dex: 11    Spells: 4/8 levels left

rFire    . . .     SeeInvis .   m - +2 short sword (flame)
rCold    . . .     Gourm    .   d - +0 buckler
rNeg     . . .     Faith    .   (armour unavailable)
rPois    .         Spirit   .   (helmet restricted)
rElec    .         Reflect  .   (no cloak)
rCorr    .         Harm     .   (no gloves)
MR       .....                  (no boots)
Stlth    ++........             (no amulet)
HPRegen  0.11/turn              (no ring)
MPRegen  0.11/turn              (no ring)

@: no status effects
A: unfitting armour, cold-blooded, AC +5
a: no special abilities


You were on level 4 of the Dungeon.
You were very hungry.

You visited 1 branch of the dungeon, and saw 4 of its levels.

You collected 114 gold pieces.

Inventory:

Hand Weapons
 m - a +2 short sword of flaming (weapon)
Missiles
 j - 8 poisoned darts (quivered)
Armour
 d - a +0 buckler (worn)
Jewellery
 i - an uncursed ring of positive energy {unknown}
 o - a cursed -3 ring of strength {unknown}
Scrolls
 c - 4 scrolls of remove curse {unknown}
 e - a scroll of teleportation {unknown}
 f - 2 scrolls of random uselessness {unknown}
 g - a scroll of blinking {unknown}
 n - a scroll of enchant armour {unknown}
 p - a scroll of immolation {unknown}
 r - a scroll of identify {unknown}
Potions
 a - 3 potions of mutation {unknown}
 h - a potion of might {unknown}
 k - a potion of flight {unknown}
 l - a potion of heal wounds {unknown}
 s - a potion of brilliance {unknown}
Comestibles
 b - 8 rations


   Skills:
 - Level 1.7 Dodging
 - Level 1.7 Stealth
 * Level 1.0 Shields
 + Level 2.9 Spellcasting
 * Level 5.4 Ice Magic


You had 4 spell levels left.
You knew the following spells:

 Your Spells              Type           Power        Failure   Level  Hunger
a - Freeze                Ice            ###.         2%          1    None
b - Frozen Ramparts       Ice            ###...       9%          3    ###....

Your spell library contained the following spells:

 Spells                   Type           Power        Failure   Level  Hunger
 Magic Dart               Conj           #...         26%         1    None
 Ozocubu's Armour         Chrm/Ice       ##......     26%         3    ###....
 Blink                    Tloc           N/A          36%         2    ##.....
 Call Imp                 Summ           #.......     36%         2    ##.....
 Slow                     Hex            #.......     36%         2    ##.....
 Conjure Flame            Conj/Fire      #.......     61%         3    ###....
 Mephitic Cloud           Conj/Pois/Air  #.......     61%         3    ###....
 Hailstorm                Conj/Ice       ##......     63%         4    ####...
 Summon Ice Beast         Ice/Summ       ##......     63%         4    ####...


Dungeon Overview and Level Annotations

Branches:
Dungeon (4/15)
 Temple: D:4-7

Altars:
Qazlal

Annotations:
D:4 Pikel


Innate Abilities, Weirdness & Mutations

Your plain brown scales are hard. (AC +5)
You cannot fit into any form of body armour.
You are cold-blooded and may be slowed by cold attacks.


Message History

The ogre barely misses you.
Casting: Frozen Ramparts (safe; 9% risk of failure)
Confirm with . or Enter, or press ? or * to list all spells.
You don't have enough magic to cast that spell.
Casting: Frozen Ramparts (safe; 9% risk of failure)
Confirm with . or Enter, or press ? or * to list all spells.
You don't have enough magic to cast that spell.
Casting: Frozen Ramparts (safe; 9% risk of failure)
Confirm with . or Enter, or press ? or * to list all spells.
You don't have enough magic to cast that spell.
Casting: Frozen Ramparts (safe; 9% risk of failure)
Confirm with . or Enter, or press ? or * to list all spells.
You don't have enough magic to cast that spell.
Pikel says, "Slavery isn't that bad."
Pikel says, "It's all about the gold, really."
There is a stone staircase leading up here.
Pikel barely misses you.
The ogre hits you with a +0 giant spiked club!!
Ouch! That really hurt!
You die...

####.....# #.......#
#........######.......#
#.....................#
#................%....#
#..............##+#####
#.......p......#
#......pp......#
#......OK......#
#.......@......#
.....#+########## .....
...


You could see Pikel, an ogre and 3 slaves.

Vanquished Creatures
  A slave (D:3)
  A worker ant (D:2)
  2 adders
  An ooze (D:3)
  A dart slug (D:2)
  2 leopard geckos
  3 orcs (D:3)
  A ball python (D:3)
  9 bats
  4 giant cockroaches
  8 goblins
  8 hobgoblins
  11 kobolds
  A quokka (D:3)
  3 frilled lizards
  5 rats
61 creatures vanquished.

Notes
Turn   | Place    | Note
-------+----------+-------------------------------------------
     0 | D:1      | Kohma the Draconian Ice Elementalist began the quest for
                  | the Orb.
     0 | D:1      | Reached XP level 1. HP: 14/14 MP: 3/3
   220 | D:1      | Reached XP level 2. HP: 20/20 MP: 1/5
   704 | D:2      | Reached XP level 3. HP: 26/26 MP: 6/6
   900 | D:2      | Learned a level 3 spell: Frozen Ramparts
  1412 | D:2      | Reached skill level 5 in Ice Magic
  1412 | D:2      | Reached XP level 4. HP: 33/33 MP: 5/8
  1928 | D:3      | Found a stormy altar of Qazlal.
  2865 | D:3      | Reached skill level 1 in Shields
  3001 | D:4      | Noticed a slave
  3002 | D:4      | Noticed a slave
  3003 | D:4      | Noticed Pikel
  3003 | D:4      | Noticed a slave
  3004 | D:4      | Noticed a slave
  3015 | D:4      | Noticed an ogre
  3033 | D:3      | HP: 1/33 [slave[Pikel] (6)]
  3054 | D:3      | Killed a slave
  3402 | D:4      | Slain by an ogre

Levels and vault maps discovered:
D:1:      lemuel_arrival_funnel, layout_rooms
D:2:      layout_basic
D:3:      layout_basic, first_ration, nicolae_qazlal_general_emergency
D:4:      layout_gridville, lemuel_doored_altar, uniq_pikel

Skill      XL: |  1  2  3  4 |
---------------+-------------+-----
Ice Magic      | 5 |  5.4
Shields        | 1 |  1.0
Dodging        | |  1.7
Stealth        | |  1.7
Spellcasting   | |  2.9

Action                   |  1- 3 |  4- 6 || total
-------------------------+-------+-------++-------
Melee: Unarmed           |     7 |       ||     7
       Dagger            |    47 |     4 ||    51
       Tailslap          |     6 |     1 ||     7
       Short sword       |       |    28 ||    28
 Cast: Freeze            |    40 |     9 ||    49
       Frozen Ramparts   |     1 |    11 ||    12
 Stab: Sleeping          |     2 |     2 ||     4
  Eat: Chunk             |     2 |     7 ||     9
Armor: Skin              |    23 |    18 ||    41
Dodge: Dodged            |    59 |    39 ||    98
Block: Buckler           |       |     3 ||     3

Table legend:
 A = Non-vault XP
 B = Vault XP
 C = Vault XP percentage of total XP
 D = Non-vault monster count
 E = Vault monster count
 F = Vault count percentage of total count
                 A         B        C        D         E       F
            +---------+---------+-------+---------+---------+-------
      Total |     161 |       0 |   0.0 |      60 |       0 |   0.0
            +---------+---------+-------+---------+---------+-------
        D:1 |      39 |       0 |   0.0 |      24 |       0 |   0.0
        D:2 |      72 |       0 |   0.0 |      18 |       0 |   0.0
        D:3 |      50 |       0 |   0.0 |      18 |       0 |   0.0
            +---------+---------+-------+---------+---------+-------
